 Dungeon Crawl Stone Soup version 0.28-a0-1567-g1695149f81 (webtiles) character file.

Game seed: 16767068072527451697

672 soggyman666 the Chopper (level 7, -13/60 HPs)
             Began as a Minotaur Fighter on Jan 20, 2022.
             Was an Initiate of Hepliaklqana.
             Mangled by an ogre (28 damage)
             ... on level 4 of the Dungeon.
             The game lasted 00:08:37 (3884 turns).

soggyman666 the Chopper (Minotaur Fighter)          Turns: 3884, Time: 00:08:37

Health: -13/60     AC: 10    Str: 22    XL:     7   Next: 32%
Magic:  6/6        EV:  8    Int:  5    God:    Hepliaklqana [......]
Gold:   80         SH:  4    Dex: 10    Spells: 6/6 levels left

rFire   . . .      SeeInvis +   a - +0 war axe
rCold   . . .      Faith    .   c - +0 buckler
rNeg    . . .      Spirit   .   l - +0 chain mail
rPois   .          Reflect  .   (helmet restricted)
rElec   .          Harm     .   (no cloak)
rCorr   .          Rampage  .   (no gloves)
Will    .....                   (no boots)
Stlth   ..........              (no amulet)
HPRegen 0.20/turn               d - ring of see invisible
MPRegen 0.10/turn               (no ring)

@: no status effects
A: horns 2, retaliatory headbutt
a: Renounce Religion


You were on level 4 of the Dungeon.
You worshipped Hepliaklqana.
Hepliaklqana was noncommittal.
You visited 1 branch of the dungeon, and saw 4 of its levels.

You collected 80 gold pieces.

Inventory:

Hand Weapons
 a - a +0 war axe (weapon)
Armour
 c - a +0 buckler (worn)
 l - a +0 chain mail (worn)
Jewellery
 d - a ring of see invisible (left hand)
Scrolls
 f - 3 scrolls of teleportation
 g - a scroll of fog
 h - a scroll of holy word
 j - a scroll of summoning {unknown}
Potions
 b - a potion of cancellation {unknown}
 e - 2 potions of brilliance
 i - a potion of flight {unknown}
 k - a potion of mutation {unknown}


   Skills:
 + Level 4.8 Fighting
 + Level 7.0 Axes
 + Level 6.3 Armour
 + Level 1.3 Dodging
 + Level 4.4 Shields


You had 6 spell levels left.
You didn't know any spells.
Your spell library contained the following spells:

 Spells                   Type           Power      Damage    Failure   Level
 Stone Arrow              Conj/Erth      0%         3d7       100%        3
 Animate Armour           Summ/Erth      0%         N/A       100%        4
 Summon Ice Beast         Ice/Summ       0%         N/A       100%        4
 Summon Mana Viper        Hex/Summ       0%         N/A       100%        5
 Monstrous Menagerie      Summ           0%         N/A       100%        7
 Lehudib's Crystal Spear  Conj/Erth      0%         10d2      100%        8


Dungeon Overview and Level Annotations

Branches:
Dungeon (4/15)
 Temple: D:4-7

Altars:
Hepliaklqana
Qazlal


Innate Abilities, Weirdness & Mutations

You have a pair of horns on your head.
You reflexively headbutt those who attack you in melee.


Message History

You slash the goblin!
You kill the goblin!
An ogre comes into view. It is wielding a +0 giant spiked club.
You barely miss the hound. Your headbutt misses the hound. The hound bites you.
The hound closely misses you.
You closely miss the hound. The hound bites you but does no damage.
The hound barely misses you. You furiously retaliate!
You headbutt the hound! You barely miss the hound. You headbutt the hound.
You kill the hound!
The adder bites you but does no damage.
Your Axes skill increases to level 7!
You closely miss the adder. The adder bites you but does no damage.
The adder barely misses you. You furiously retaliate!
You headbutt the adder!
You kill the adder!
You slash the worm!
The worm is heavily wounded.
You slash the worm!
You kill the worm!
You hit the ogre but do no damage. You block the ogre's attack.
You hit the ogre. Your headbutt misses the ogre.
The ogre is moderately wounded.
You block the ogre's attack.
You barely miss the ogre.
The ogre is moderately wounded.
The ogre hits you with a +0 giant spiked club.
You barely miss the ogre.
The ogre is moderately wounded.
The ogre hits you with a +0 giant spiked club!!
You are too injured to fight recklessly!
You are too injured to fight recklessly!
You are too injured to fight recklessly!
You see here an adder corpse.
You barely miss the ogre.
The ogre is moderately wounded.
The ogre hits you with a +0 giant spiked club!
* * * LOW HITPOINT WARNING * * *
You slash the ogre!
The ogre is heavily wounded.
The ogre hits you with a +0 giant spiked club!!
You die...

...........#
...........
..........
........
#..?..#
#....##
#.O).#
#.@..#
###...######
#.##........
#...#.....##
##....#####
#....#
#....#
##...##
#....##


You could see an ogre.

Vanquished Creatures
  Grinder (D:4)
  2 hounds (D:4)
  A gnoll shaman (D:3)
  3 orc priests (D:3)
  Terence (D:2)
  An orc wizard (D:3)
  An iguana (D:4)
  Robin (D:2)
  8 gnolls (D:3)
  3 adders
  A worm (D:4)
  4 dart slugs
  7 orcs (D:3)
  5 bats
  4 endoplasms
  5 giant cockroaches
  11 goblins
  12 hobgoblins
  4 jackals (D:1)
  2 quokkas (D:3)
  5 ball pythons
  2 frilled lizards
  4 kobolds
  5 rats
93 creatures vanquished.

Notes
Turn   | Place    | Note
-------+----------+-------------------------------------------
     0 | D:1      | soggyman666 the Minotaur Fighter began the quest for the
                  | Orb.
     0 | D:1      | Reached XP level 1. HP: 19/19 MP: 0/0
   249 | D:1      | Reached XP level 2. HP: 27/27 MP: 1/1
  1342 | D:2      | Noticed Terence
  1343 | D:2      | Reached XP level 3. HP: 33/33 MP: 2/2
  1348 | D:2      | Reached skill level 3 in Axes
  1350 | D:2      | Killed Terence
  1666 | D:2      | Noticed Robin
  1681 | D:2      | Reached XP level 4. HP: 39/40 MP: 3/3
  1695 | D:2      | Killed Robin
  2206 | D:3      | Reached skill level 5 in Armour
  2215 | D:3      | Reached XP level 5. HP: 31/46 MP: 4/4
  2216 | D:3      | Reached skill level 4 in Axes
  2360 | D:3      | Found a stormy altar of Qazlal.
  2971 | D:3      | Found a faded altar of an unknown god.
  3079 | D:3      | Reached skill level 5 in Axes
  3079 | D:3      | Reached XP level 6. HP: 31/52 MP: 5/5
  3302 | D:3      | Reached skill level 1 in Dodging
  3591 | D:3      | Found a hazy altar of Hepliaklqana.
  3600 | D:3      | Became a worshipper of Hepliaklqana the Forgotten
  3724 | D:4      | Noticed Grinder
  3742 | D:4      | Killed Grinder
  3743 | D:4      | Reached skill level 6 in Axes
  3743 | D:4      | Reached XP level 7. HP: 50/60 MP: 6/6
  3876 | D:4      | Reached skill level 7 in Axes
  3884 | D:4      | Mangled by an ogre

Illustrated notes

Levels and vault maps discovered:
D:1:      matt_arrival_diagonals, layout_loops_corners, columned_hall_lemuel,
          grunt_decor_resistance
D:2:      layout_loops_ring, uniq_terence, uniq_robin
D:3:      layout_rooms, nicolae_qazlal_scattered_showers,
          nzn_hepliaklqana_mist_gate, shapermc_ecumenical_altar_mp_vishouse,
          minmay_bisected
D:4:      layout_cave_pods, uniq_grinder

Skill      XL: |  1  2  3  4  5  6  7 |
---------------+----------------------+-----
Armour         | 4 5 6 |  6.3
Shields        | 4 |  4.4
Fighting       | 4 |  4.8
Axes           | 3 5 6 7 |  7.0
Dodging        | 1 |  1.3

Action                   |  1- 3 |  4- 6 |  7- 9 || total
-------------------------+-------+-------+-------++-------
Melee: War axe           |    75 |   115 |    13 ||   203
       Headbutt          |     9 |    18 |     2 ||    29
  Use: Scroll            |     1 |     5 |       ||     6
       Potion            |     1 |       |       ||     1
Armor: Scale mail        |    37 |       |       ||    37
       Chain mail        |    11 |    62 |     4 ||    77
Dodge: Dodged            |    30 |    49 |     3 ||    82
Block: Buckler           |    13 |    28 |     4 ||    45

Table legend: (Time is in decaauts)
 A = Elapsed time spent in this place.
 B = Non-inter-level travel time spent in this place.
 C = Inter-level travel time spent in this place.
 D = Time resting spent in this place.
 E = Time spent auto-exploring this place.
 F = Levels seen in this place.
 G = Mean time per level.
                   A        B        C        D        E       F      G
               +--------+--------+--------+--------+--------+-----+--------+
         Total |   3952 |   3797 |    155 |    218 |   3002 |   4 |  988.0 |
       Dungeon |   3952 |   3797 |    155 |    218 |   3002 |   4 |  988.0 |
               +--------+--------+--------+--------+--------+-----+--------+

Top non-repeatable levels by time:
     D:3: 1525 daAuts
     D:1: 1321 daAuts
     D:2: 862 daAuts
     D:4: 243 daAuts
